 Dungeon Crawl Stone Soup version 0.21.0-22-g11d5b52 (webtiles) character file.

687 Faca the Distorting Ant (level 7, -4/52 HPs)
             Began as a Formicid Abyssal Knight on Jan 18, 2018.
             Was a Believer of Lugonu.
             Slain by Prince Ribbit (16 damage)
             ... on level 4 of the Dungeon.
             The game lasted 00:11:56 (5523 turns).

Faca the Distorting Ant (Formicid Abyssal Knight)   Turns: 5523, Time: 00:11:57

Health: -4/52      AC:  6    Str: 18    XL:     7   Next: 94%
Magic:  12/12      EV:  9    Int: 11    God:    Lugonu [**....]
Gold:   211        SH:  3    Dex: 11    Spells: 6/6 levels left

rFire    . . .     SeeInvis +   a - +1 hand axe
rCold    . . .     Gourm    +   m - +0 buckler
rNeg     . . .     Faith    .   e - +0 scale mail
rPois    .         Spirit   .   (helmet unavailable)
rElec    .         Reflect  .   (no cloak)
rCorr    .         Harm     .   (no gloves)
MR       +....                  (no boots)
Stlth    ..........             i - amulet of the gourmand
HPRegen  0.17/turn              g - ring of protection from magic
MPRegen  0.13/turn              (no ring)

@: no status effects
A: permanent stasis, dig shafts and tunnels, four strong arms, antennae 3
a: Dig, Shaft Self, Depart the Abyss, Bend Space, Renounce Religion


You were on level 4 of the Dungeon.
You worshipped Lugonu.
Lugonu was pleased with you.
You were not hungry.

You visited 1 branch of the dungeon, and saw 5 of its levels.
You visited the Abyss 1 time.

You collected 211 gold pieces.

Inventory:

Hand Weapons
 a - a +1 hand axe (weapon)
 j - a +3 hunting sling
Missiles
 k - 111 stones (quivered)
Armour
 e - a +0 scale mail (worn)
 m - a +0 buckler (worn)
Jewellery
 g - a ring of protection from magic (left hand)
 i - an amulet of the gourmand (around neck)
Scrolls
 d - a scroll of enchant weapon {unknown}
 f - 2 scrolls of immolation
 n - a scroll of fog
Potions
 b - a potion of brilliance
 h - 2 potions of might {unknown}
 l - 3 potions of degeneration {unknown}
 o - a potion of lignification {unknown}
Comestibles
 c - 4 rations


   Skills:
 - Level 3.2 Fighting
 + Level 6.0 Axes
 - Level 2.1 Armour
 - Level 0.8 Dodging
 + Level 7.1 Invocations


You had 6 spell levels left.
You didn't know any spells.

Dungeon Overview and Level Annotations

Branches:
Dungeon (5/15)
 Temple: D:4-7

Altars:
Cheibriados
Nemelex Xobeh

Annotations:
D:3 Grinder
D:4 1 runed door, Pikel, Prince Ribbit


Innate Abilities, Weirdness & Mutations

You cannot be hasted, slowed, berserked, paralysed or teleported.
You can dig through walls and to a lower floor.
Your four strong arms can wield two-handed weapons with a shield.
You have a pair of large antennae on your head. (SInv)


Message History

You are too injured to fight recklessly!
You are too injured to fight recklessly!
You miss Prince Ribbit.
Prince Ribbit is lightly wounded.
Prince Ribbit barely misses you.
You hit Prince Ribbit.
Prince Ribbit is lightly wounded.
Prince Ribbit catches a baby bat with his tongue.
Prince Ribbit hits you. x2
You miss Prince Ribbit.
Prince Ribbit is lightly wounded.
Prince Ribbit barely misses you.
You barely miss Prince Ribbit.
Prince Ribbit is lightly wounded.
Prince Ribbit hits you. x2
* * * LOW HITPOINT WARNING * * *
Your shield prevents you from hitting Prince Ribbit.
Prince Ribbit is lightly wounded.
Prince Ribbit hits you!
You die...

#.# #.# ############# #.#
#...........# #.#
#.#########.# ##.##### #.#
#...#.# #......# #.#
#.#.#.# #......# #.#
###.#.#.#
#......#######.###...#.#.#
........)......F@#.###.#.#
##.###########W#.#.#<#.#.#
##.# #.#.#.#.#W#.# #.#
###.#.#.#.#.#.# #.#
#...#.#.#.#.#.# #.#
#######.###.....#.#.# #.#
#.....=..##.#.#.#.#.# #.#
#........#..#.#...#.# #.#
#.........#.#.#####.#


You could see Prince Ribbit and a phantom.

Vanquished Creatures
  Sigmund (D:3)
  A necrophage (D:4)
  2 ogres (D:4)
  A centaur skeleton (D:4)
  Jessica (D:2)
  Natasha (thrice) (D:4)
  A worker ant zombie (D:5)
  5 adders
  An adder skeleton (D:4)
  5 worms
  A dart slug (D:2)
  6 leopard geckos
  3 orcs (D:3)
  4 giant cockroaches
  3 goblins
  6 hobgoblins
  A jackal (D:1)
  2 quokkas
  6 bats
  5 frilled lizards
  5 kobolds
  7 rats
70 creatures vanquished.

Vanquished Creatures (others)
  A slave (D:4)
1 creature vanquished.

Grand Total: 71 creatures vanquished

Notes
Turn   | Place    | Note
-------+----------+-------------------------------------------
     0 | Abyss:1  | Faca the Formicid Abyssal Knight began the quest for the Orb.
     0 | Abyss:1  | Reached XP level 1. HP: 18/18 MP: 2/2
    11 | D:1      | Escaped the Abyss
   287 | D:1      | Reached XP level 2. HP: 23/24 MP: 3/3
   717 | D:2      | Reached skill level 3 in Invocations
   764 | D:2      | Reached ** piety under Lugonu
   774 | D:2      | Reached XP level 3. HP: 27/29 MP: 5/5
  1195 | D:2      | Reached XP level 4. HP: 31/35 MP: 6/6
  1602 | D:2      | Found a snail-covered altar of Cheibriados.
  1906 | D:3      | Reached skill level 4 in Invocations
  1942 | D:3      | Noticed Sigmund
  2116 | D:3      | Noticed Jessica
  2217 | D:3      | Reached XP level 5. HP: 37/41 MP: 8/8
  2258 | D:2      | Killed Jessica
  2306 | D:3      | Killed Sigmund
  2306 | D:3      | Reached skill level 5 in Invocations
  2306 | D:3      | Reached XP level 6. HP: 33/47 MP: 8/10
  2556 | D:3      | Noticed Grinder
  3182 | D:4      | Noticed an ogre
  3241 | D:4      | Killed an ogre
  3241 | D:4      | Reached skill level 5 in Axes
  3241 | D:4      | Reached skill level 6 in Invocations
  3241 | D:4      | Reached XP level 7. HP: 14/52 MP: 9/11
  3491 | D:4      | Found a sparkling altar of Nemelex Xobeh.
  3559 | D:4      | Reached *** piety under Lugonu
  3654 | D:4      | Noticed Natasha
  3672 | D:4      | Killed Natasha
  3964 | D:4      | Noticed Natasha
  3981 | D:4      | Killed Natasha
  4008 | D:4      | Reached skill level 7 in Invocations
  4372 | D:4      | Noticed Natasha
  4385 | D:4      | Killed Natasha
  4612 | D:4      | Noticed Pikel
  5425 | D:4      | Found a runed door.
  5503 | D:5      | Entered Level 5 of the Dungeon
  5510 | D:5      | Noticed Prince Ribbit
  5523 | D:4      | Slain by Prince Ribbit

Skill      XL: |  1  2  3  4  5  6  7 |
---------------+----------------------+-----
Invocations    | 3 4 5 6 7 |  7.1
Axes           | 3 4 5 6 |  6.0
Fighting       | |  3.2
Armour         | |  2.1
Dodging        | |  0.8

Action                   |  1- 3 |  4- 6 |  7- 9 || total
-------------------------+-------+-------+-------++-------
Melee: Hand axe          |   106 |    72 |   140 ||   318
       Hunting sling     |       |     1 |       ||     1
 Fire: Hunting sling     |       |    60 |    14 ||    74
Invok: Bend Space        |       |     7 |       ||     7
       Banish            |       |       |     1 ||     1
 Abil: Dig               |       |       |     8 ||     8
  Use: Scroll            |       |     6 |     1 ||     7
       Potion            |       |     2 |       ||     2
  Eat: Chunk             |     1 |     1 |     2 ||     4
       Ration            |       |     2 |     2 ||     4
Armor: Scale mail        |    60 |    44 |    34 ||   138
       Leather armour    |     1 |       |       ||     1
Dodge: Dodged            |    44 |    52 |    49 ||   145
Block: Buckler           |       |       |     8 ||     8
